PIO (24 & UNDER)
SEATTLE RAINIERS @ SASKATOON SMOKIN' GUNS
07/03/2026
 
TOP OF THE 1ST
Seattle Rainiers batting - Pitching for Saskatoon Smokin' Guns : RHP Daniel Casey
Pitching: RHP Daniel Casey
Batting: RHB Alfredo Farías 0-0: Ball
1-0: Ball
2-0: Ball
3-0: Called Strike
3-1: Foul Ball, location: 2F
3-2: Strikes out swinging
Batting: RHB Tony Hernández 0-0: Hit by Pitch
Pinch Runner at 1st Tom Craft:
Batting: LHB Alan Moore 0-0: Ball
1-0: Ball
2-0: Grounds into double play, 4-6-3 (Groundball, 4)
Top of the 1st over - 0 run(s), 0 hit(s), 0 error(s), 0 left on base; Seattle 0 - Saskatoon 0
BOTTOM OF THE 1ST
Saskatoon Smokin' Guns batting - Pitching for Seattle Rainiers : RHP Brandon Sweet
Pitching: RHP Brandon Sweet
Now in RF: Tom Craft
Batting: LHB Alejandro Rojas 0-0: Foul Ball, location: 2F
0-1: Ball
1-1: Fly out, F8 (Flyball, 78M)
Batting: LHB Raúl Casillán 0-0: Ball
1-0: Ball
2-0: Foul Ball, location: 2F
2-1: Fly out, F9 (Flyball, 9D)
Batting: LHB Russell Peck 0-0: Ball
1-0: Ball
2-0: Ball
3-0: Called Strike
3-1: Foul Ball, location: 2F
3-2: Base on Balls
Batting: LHB José Liñares 0-0: Ball
1-0: Ball
2-0: Foul Ball, location: 2F
2-1: Foul Ball, location: 2F
2-2: 2-RUN HOME RUN (Flyball, 9LD), Distance : 341 ft
Batting: RHB Luis Ibarra 0-0: Foul Ball, location: 2F
0-1: Foul Ball, location: 2F
0-2: SINGLE (Groundball, 23) (infield hit)
Batting: LHB Bo Rush 0-0: Ball
1-0: Called Strike
1-1: Swinging Strike
1-2: Foul Ball, location: 2F
1-2: Hit by Pitch
Luis Ibarra to second
Batting: RHB Zack Flint 0-0: Called Strike
0-1: Ball
1-1: Ball
2-1: Ball
3-1: Called Strike
3-2: Base on Balls
Luis Ibarra to third
Bo Rush to second
Batting: RHB César Rodríguez 0-0: Ball
1-0: Fielders Choice at 2nd, 6-4 (Groundball, 6)
Bottom of the 1st over - 2 run(s), 2 hit(s), 0 error(s), 2 left on base; Seattle 0 - Saskatoon 2
TOP OF THE 2ND
Seattle Rainiers batting - Pitching for Saskatoon Smokin' Guns : RHP Daniel Casey
Batting: RHB Robert Marks 0-0: Ball
1-0: Ball
2-0: Ball
3-0: Called Strike
3-1: Base on Balls
Batting: RHB Vincent Braun 0-0: Ball
1-0: Foul Ball, location: 2F
1-1: Ball
2-1: Swinging Strike
2-2: Strikes out swinging
Batting: RHB Jeremiah Soto 0-0: Grounds into double play, 4-6-3 (Groundball, 4)
Top of the 2nd over - 0 run(s), 0 hit(s), 0 error(s), 0 left on base; Seattle 0 - Saskatoon 2
BOTTOM OF THE 2ND
Saskatoon Smokin' Guns batting - Pitching for Seattle Rainiers : RHP Brandon Sweet
Batting: RHB Ben Fisher 0-0: Ball
1-0: Ball
2-0: Ball
3-0: Called Strike
3-1: Base on Balls
Batting: LHB Alejandro Rojas 0-0: Ball
1-0: Called Strike
1-1: Ball
2-1: Ball
3-1: Foul Ball, location: 2F
3-2: Hit by Pitch
Ben Fisher to second
Batting: LHB Raúl Casillán 0-0: Ball
1-0: Called Strike
1-1: Foul Ball, location: 2F
1-2: Ball
2-2: Foul Ball, location: 2F
2-2: Ball
3-2: Foul Ball, location: 2F
3-2: DOUBLE (Line Drive, 89D)
Ben Fisher scores
Alejandro Rojas to third
Batting: LHB Russell Peck 0-0: Fly out, F7 (Flyball, 78D)
Runner from 3rd tags up, SCORES, no throw
Batting: LHB José Liñares 0-0: SINGLE (Flyball, 7LM)
Raúl Casillán to third
Runner from 3rd tries for Home, SAFE, throw made home
José Liñares to second
Batting: RHB Luis Ibarra 0-0: Ball
1-0: Reached on Error, E9 (Flyball, 9LM)
José Liñares to third
Batting: LHB Bo Rush 0-0: Ball
1-0: Ball
2-0: Ball
3-0: Base on Balls
Luis Ibarra to second
Batting: RHB Zack Flint 0-0: Ball
1-0: Swinging Strike
1-1: Ball
2-1: Swinging Strike
2-2: Ball
3-2: Foul Ball, location: 2F
3-2: Ground out 5-3 (Groundball, 5S)
José Liñares scores
Luis Ibarra to third
Bo Rush to second
Batting: RHB César Rodríguez 0-0: Ball
1-0: Ball
2-0: Called Strike
2-1: Fly out, F8 (Flyball, 8LXD)
Bottom of the 2nd over - 4 run(s), 2 hit(s), 1 error(s), 2 left on base; Seattle 0 - Saskatoon 6
TOP OF THE 3RD
Seattle Rainiers batting - Pitching for Saskatoon Smokin' Guns : RHP Daniel Casey
Batting: RHB John Hill 0-0: Ball
1-0: DOUBLE (Groundball, 3L)
Batting: RHB Bill Dawson 0-0: Called Strike
0-1: Ball
1-1: Ground out 4-3 (Groundball, 4)
John Hill to third
Batting: RHB Jorge Colón 0-0: Called Strike
0-1: Foul Ball, location: 2F
0-2: Strikes out swinging
Batting: RHB Alfredo Farías 0-0: Swinging Strike
0-1: Ball
1-1: Swinging Strike
1-2: Strikes out looking
Top of the 3rd over - 0 run(s), 1 hit(s), 0 error(s), 1 left on base; Seattle 0 - Saskatoon 6
BOTTOM OF THE 3RD
Saskatoon Smokin' Guns batting - Pitching for Seattle Rainiers : RHP Brandon Sweet
Batting: RHB Ben Fisher 0-0: Swinging Strike
0-1: Foul Ball, location: 2F
0-2: Strikes out looking
Batting: LHB Alejandro Rojas 0-0: Called Strike
0-1: Ball
1-1: Ground out 5-3 (Groundball, 15S)
Batting: LHB Raúl Casillán 0-0: Called Strike
0-1: Ball
1-1: Ground out 1-3 (Groundball, 3S)
Bottom of the 3rd over - 0 run(s), 0 hit(s), 0 error(s), 0 left on base; Seattle 0 - Saskatoon 6
TOP OF THE 4TH
Seattle Rainiers batting - Pitching for Saskatoon Smokin' Guns : RHP Daniel Casey
Batting: LHB Tom Craft 0-0: Called Strike
0-1: Foul Ball, location: 2F
0-2: Ball
1-2: Strikes out swinging
Batting: LHB Alan Moore 0-0: SOLO HOME RUN (Flyball, 9LD), Distance : 335 ft
Batting: RHB Robert Marks 0-0: Ball
1-0: Called Strike
1-1: Ball
2-1: Ball
3-1: DOUBLE (Groundball, 5L)
Batting: RHB Vincent Braun 0-0: Ball
1-0: Ground out 6-3 (Groundball, 6)
Batting: RHB Jeremiah Soto 0-0: Called Strike
0-1: Called Strike
0-2: Ground out 6-3 (Groundball, 6)
Top of the 4th over - 1 run(s), 2 hit(s), 0 error(s), 1 left on base; Seattle 1 - Saskatoon 6
BOTTOM OF THE 4TH
Saskatoon Smokin' Guns batting - Pitching for Seattle Rainiers : RHP Brandon Sweet
Batting: LHB Russell Peck 0-0: SINGLE (Groundball, 5D)
Batting: LHB José Liñares 0-0: Swinging Strike
0-1: Ball
1-1: Swinging Strike
1-2: Ball
2-2: Strikes out swinging
Pitching: RHP Dave Rose
Batting: RHB Luis Ibarra 0-0: Called Strike
0-1: Called Strike
0-2: Foul Ball, location: 2F
0-2: Ball
1-2: Strikes out swinging
Batting: LHB Bo Rush 0-0: Swinging Strike
0-1: Ball
1-1: Swinging Strike
1-2: Ball
2-2: Strikes out looking
Bottom of the 4th over - 0 run(s), 1 hit(s), 0 error(s), 1 left on base; Seattle 1 - Saskatoon 6
TOP OF THE 5TH
Seattle Rainiers batting - Pitching for Saskatoon Smokin' Guns : RHP Daniel Casey
Batting: RHB John Hill 0-0: Hit by Pitch
Batting: RHB Bill Dawson 0-0: Grounds into double play, 4-6-3 (Groundball, 4)
Batting: RHB Jorge Colón 0-0: Fly out, F7 (Flyball, 78M)
Top of the 5th over - 0 run(s), 0 hit(s), 0 error(s), 0 left on base; Seattle 1 - Saskatoon 6
BOTTOM OF THE 5TH
Saskatoon Smokin' Guns batting - Pitching for Seattle Rainiers : RHP Dave Rose
Batting: RHB Zack Flint 0-0: Fly out, F2 (Popup, 23F)
Batting: RHB César Rodríguez 0-0: Ball
1-0: Ball
2-0: Foul Ball, location: 2F
2-1: SOLO HOME RUN (Flyball, 7D), Distance : 423 ft
Batting: RHB Ben Fisher 0-0: Ball
1-0: Ball
2-0: Swinging Strike
2-1: Ball
3-1: Foul Ball, location: 2F
3-2: Strikes out swinging
Batting: LHB Alejandro Rojas 0-0: Called Strike
0-1: Ball
1-1: Ball
2-1: Foul Ball, location: 2F
2-2: Ball
3-2: Base on Balls
Batting: LHB Raúl Casillán 0-0: Ball
1-0: Ball
2-0: Called Strike
Alejandro Rojas steals 2nd base
2-1: Fly out, F5 (Popup, 5D)
Bottom of the 5th over - 1 run(s), 1 hit(s), 0 error(s), 1 left on base; Seattle 1 - Saskatoon 7
TOP OF THE 6TH
Seattle Rainiers batting - Pitching for Saskatoon Smokin' Guns : RHP Daniel Casey
Batting: RHB Alfredo Farías 0-0: Called Strike
0-1: Ball
1-1: Called Strike
1-2: Ball
2-2: Strikes out looking
Batting: LHB Tom Craft 0-0: Swinging Strike
0-1: Ball
1-1: Swinging Strike
1-2: Strikes out swinging
Batting: LHB Alan Moore 0-0: Ground out 4-3 (Groundball, 34)
Top of the 6th over - 0 run(s), 0 hit(s), 0 error(s), 0 left on base; Seattle 1 - Saskatoon 7
BOTTOM OF THE 6TH
Saskatoon Smokin' Guns batting - Pitching for Seattle Rainiers : RHP Dave Rose
Batting: LHB Russell Peck 0-0: Ball
1-0: Ball
2-0: Foul Ball, location: 2F
2-1: Fly out, F9 (Flyball, 9M)
Batting: LHB José Liñares 0-0: Ball
1-0: Fly out, F9 (Line Drive, 9M)
Batting: RHB Luis Ibarra 0-0: Ball
1-0: Ball
2-0: Called Strike
2-1: Ball
3-1: Ground out 4-3 (Groundball, 4)
Bottom of the 6th over - 0 run(s), 0 hit(s), 0 error(s), 0 left on base; Seattle 1 - Saskatoon 7
TOP OF THE 7TH
Seattle Rainiers batting - Pitching for Saskatoon Smokin' Guns : RHP Daniel Casey
Batting: RHB Robert Marks 0-0: Ball
1-0: Called Strike
1-1: Called Strike
1-2: Strikes out swinging
Batting: RHB Vincent Braun 0-0: Ball
1-0: DOUBLE (Flyball, 89XD)
Batting: RHB Jeremiah Soto 0-0: Ground out 4-3 (Groundball, 4M)
Vincent Braun to third
Batting: RHB John Hill 0-0: Ball
1-0: Foul Ball, location: 2F
1-1: SINGLE (Flyball, 78S)
Vincent Braun scores
Batting: RHB Bill Dawson 0-0: Ball
1-0: Called Strike
1-1: Fly out, F9 (Line Drive, 9M)
Top of the 7th over - 1 run(s), 2 hit(s), 0 error(s), 1 left on base; Seattle 2 - Saskatoon 7
BOTTOM OF THE 7TH
Saskatoon Smokin' Guns batting - Pitching for Seattle Rainiers : RHP Dave Rose
Pitching: LHP William Gordon
Batting: LHB Bo Rush 0-0: Called Strike
0-1: Called Strike
0-2: Strikes out swinging
Batting: RHB Zack Flint 0-0: Foul Ball, location: 2F
0-1: Swinging Strike
0-2: Ground out 1-3 (Groundball, 23)
Batting: RHB César Rodríguez 0-0: Ball
1-0: Ball
2-0: Called Strike
2-1: Fly out, F8 (Flyball, 78S)
Bottom of the 7th over - 0 run(s), 0 hit(s), 0 error(s), 0 left on base; Seattle 2 - Saskatoon 7
TOP OF THE 8TH
Seattle Rainiers batting - Pitching for Saskatoon Smokin' Guns : RHP Daniel Casey
Batting: RHB Jorge Colón 0-0: Called Strike
0-1: Bunted foul
0-2: Ground out 5-3 (Groundball, 56)
Batting: RHB Alfredo Farías 0-0: Ball
1-0: Foul Ball, location: 2F
1-1: Fly out, F6 (Popup, 6MD)
Batting: LHB Tom Craft 0-0: Ground out U3 (Groundball, 3)
Top of the 8th over - 0 run(s), 0 hit(s), 0 error(s), 0 left on base; Seattle 2 - Saskatoon 7
BOTTOM OF THE 8TH
Saskatoon Smokin' Guns batting - Pitching for Seattle Rainiers : LHP William Gordon
Batting: RHB Ben Fisher 0-0: Ball
1-0: Ball
2-0: Foul Ball, location: 2F
2-1: DOUBLE (Line Drive, 5L)
Batting: LHB Alejandro Rojas 0-0: Called Strike
0-1: Ball
1-1: Called Strike
1-2: Strikes out swinging
Batting: LHB Raúl Casillán 0-0: Swinging Strike
0-1: Swinging Strike
0-2: Ball
1-2: SINGLE (Line Drive, 4MD)
Ben Fisher to third
Batting: LHB Russell Peck 0-0: Called Strike
0-1: Ball
1-1: Called Strike
1-2: Foul Ball, location: 2F
1-2: Strikes out swinging
Batting: LHB José Liñares 0-0: Called Strike
0-1: Swinging Strike
0-2: Ball
1-2: Strikes out swinging
Bottom of the 8th over - 0 run(s), 2 hit(s), 0 error(s), 2 left on base; Seattle 2 - Saskatoon 7
TOP OF THE 9TH
Seattle Rainiers batting - Pitching for Saskatoon Smokin' Guns : RHP Daniel Casey
Batting: LHB Alan Moore 0-0: Called Strike
0-1: Ball
1-1: Ball
2-1: Ball
3-1: Base on Balls
Pitching: RHP Denny Koch
Batting: RHB Robert Marks 0-0: Swinging Strike
0-1: Ball
1-1: Foul Ball, location: 2F
1-2: Strikes out looking
Batting: RHB Vincent Braun 0-0: Ball
1-0: Called Strike
1-1: Ground out 4-3 (Groundball, 13)
Alan Moore to second
Batting: RHB Jeremiah Soto 0-0: Ball
1-0: Foul Ball, location: 2F
1-1: 2-RUN HOME RUN (Flyball, 7D), Distance : 426 ft
Pitching: RHP Melvin Hicks
Batting: RHB John Hill 0-0: Called Strike
0-1: Swinging Strike
0-2: Foul Ball, location: 2F
0-2: Ball
1-2: Strikes out swinging
Top of the 9th over - 2 run(s), 1 hit(s), 0 error(s), 0 left on base; Seattle 4 - Saskatoon 7
Monday, December 5th, 2016 - OOTP Baseball 17.12 Build 75